Cogmind - Beta 14 @@@ ROGUE MODE // 2024.10.01 @ 21:04:08 Player: Wooliertree Result: Destroyed by S-27 Virus with Autogun Performance ------------- Evolutions (4) 2000 Regions Visited (6) 1200 Robots Destroyed (51) 255 Value Destroyed (1328) 1328 Prototype IDs (0) 0 Alien Tech Used (0) 0 Bonus (276) 276 TOTAL SCORE: 5059 Bonus ------- High Alert Combat Kills 165 Follower Combat Kills 161 Friendly Fire -50 Cogmind --------- Core Integrity 0/850 Matter 279/300 Energy 96/100 System Corruption 0% Temperature Cool (11) Movement Walking (130) Location -6/Factory Parts ------- > --- POWER (2) -------- (None) > --- PROPULSION (3) --- Titanium Leg > --- UTILITY (7) ------ (None) > --- WEAPON (3) ------- (None) > --- INVENTORY (5) ---- Light Treads Field Laser Proton Cannon Cooled Particle Cannon Peak State ------------ > --- POWER ------------ (None) > --- PROPULSION ------- Light Treads Light Treads > --- UTILITY ---------- High-capacity Storage Unit Drone Bay Drone Bay Drone Bay Drone Bay Drone Bay Drone Bay > --- WEAPON ----------- (None) > --- INVENTORY -------- Light Treads Titanium Leg Field Laser Proton Cannon Cooled Particle Cannon [Rating: 34] Favorites ----------- Power Ion Engine Engine Ion Engine Power Core Light Nuclear Core Propulsion Light Treads Treads Light Treads Leg Aluminum Leg Utility Signal Interpreter Device Seismic Detector Storage High-capacity Storage Unit Processor Signal Interpreter Hackware System Shield Protection Medium Armor Plating Weapon Assault Rifle Energy Gun Field Laser Energy Cannon EM Pulse Cannon Ballistic Gun Assault Rifle Launcher Mini Grenade Launcher Build | -11 -10 -10 -9 -8 -7 -6 ------- Run | Yrd Mat Min Mat Mat Fac Fac Slots Evolved 8 | . . . 2 2 2 2 Power 1 | . . . . . 1 . Propulsion 1 | . . . . 1 . . Utility 5 | . . . 1 1 1 2 Weapon 1 | . . . 1 . . . Parts Attached 52 | 7 1 8 2 21 . 13 Power 4 | 1 . 1 . 2 . . Engine 3 | 1 . 1 . 1 . . Core 1 | . . . . 1 . . Reactor . | . . . . . . . Propulsion 16 | 2 . 2 . 8 . 4 Treads 8 | 2 . . . 3 . 3 Leg 8 | . . 2 . 5 . 1 Wheel . | . . . . . . . Hover . | . . . . . . . Flight . | . . . . . . . Utility 19 | 2 1 3 1 4 . 8 Device 10 | 1 . 1 . 1 . 7 Storage 3 | 1 1 . . 1 . . Processor 3 | . . 2 . 1 . . Hackware 1 | . . . . . . 1 Protection 2 | . . . 1 1 . . Artifact . | . . . . . . . Weapon 13 | 2 . 2 1 7 . 1 Energy Gun 3 | . . . . 2 . 1 Energy Cannon 1 | . . . . 1 . . Ballistic Gun 8 | 2 . 2 1 3 . . Ballistic Cannon . | . . . . . . . Launcher 1 | . . . . 1 . . Special Weapon . | . . . . . . . Impact Weapon . | . . . . . . . Slashing Weapon . | . . . . . . . Piercing Weapon . | . . . . . . . Special Melee Weapon . | . . . . . . . Unidentified Prototypes . | . . . . . . . Parts Lost 41 | . . 6 . 13 . 22 Power 4 | . . 1 . 2 . 1 Propulsion 12 | . . 2 . 4 . 6 Utility 14 | . . 1 . 2 . 11 Weapon 11 | . . 2 . 5 . 4 Highest Loss Streak 12 | . . 5 . 12 . 9 To Critical Strikes . | . . . . . . . Average Slot Usage (%) 82 | . 100 92 99 77 84 48 Engine 8 | . 14 13 11 3 . . Core 1 | . . . . 5 7 1 Treads 13 | . 28 5 . 12 23 13 Leg 9 | . . 19 22 10 . 1 Device 9 | . 14 8 11 4 7 11 Storage 5 | . 14 3 . . 7 4 Processor 9 | . . 12 11 17 15 5 Protection 1 | . . . 10 3 . . Energy Gun 2 | . . . . 5 15 3 Ballistic Gun 18 | . 28 27 33 10 . . Peak Build Rating 34 | 7 7 8 10 24 24 34 Average Rating 11 | 5 7 6 9 15 24 20 On Entrance 11 | . 7 7 7 10 24 24 Naked Turns . | . . . . . . . Heaviest Build 76 | 13 48 48 17 58 58 76 Greatest Support 63 | 40 40 40 20 63 63 63 Greatest Overweight (x) 3 | . 1 2 . . . 3 Average Overweight (x) . | . . . . . . . Largest Inventory Capacity 20 | 8 20 20 5 20 20 20 Average Capacity 11 | 7 16 8 5 6 20 16 Most Carried 9 | 2 6 5 5 6 8 9 Average Carried 4 | 1 4 2 4 3 6 6 Final Capacity 20 | 8 20 5 5 20 20 5 Final Carried 8 | 2 5 4 5 6 8 4 Class Distribution -------------------- 54% | Mutant 21% | Scavenger-Tank 19% | Scavenger-Mutant 5% | Scavenger-Gunner Dominant Class ---------------- Mutant | -10/Materials Scavenger-Mutant | -10/Mines Scavenger-Tank | -9/Materials Mutant | -8/Materials Scavenger-Gunner | -7/Factory Mutant | -6/Factory Resources | -11 -10 -10 -9 -8 -7 -6 ----------- Run | Yrd Mat Min Mat Mat Fac Fac Matter Collected 1318 | 211 265 297 178 337 . 30 Remotely . | . . . . . . . Salvage Created 2105 | 57 277 249 421 1026 . 75 Parts 108 | 7 15 8 28 50 . . Haulers Intercepted 7 | . 2 . 1 4 . . Recyclers Shooed 5 | . . . 2 3 . . Parts Field Recycled . | . . . . . . . Retrieved Matter . | . . . . . . . Parts Self-Destructed . | . . . . . . . Prevented . | . . . . . . . Kills | -11 -10 -10 -9 -8 -7 -6 ------- Run | Yrd Mat Min Mat Mat Fac Fac Combat Hostiles Destroyed 38 | . 3 11 8 15 . 1 Guns 32 | . 3 11 8 10 . . Cannons 1 | . . . . 1 . . AOE 4 | . . . . 4 . . Classes Destroyed 12 | 2 3 2 2 3 . . Worker 3 | 1 . . . 2 . . Builder 2 | . . 2 . . . . Tunneler 1 | 1 . . . . . . Hauler 7 | . 2 . 1 4 . . Recycler 3 | . . . . 3 . . Operator 2 | . . . 1 1 . . Watcher 4 | . 2 . 2 . . . Swarmer 3 | . . . 1 2 . . Grunt 21 | . 3 2 7 9 . . Sentry 4 | . . . . 3 . 1 Hunter 1 | . . . . 1 . . Assembled 9 | . . 9 . . . . Best Kill Streak 6 | 1 3 5 4 6 . 1 Combat Bots Only 5 | . 2 5 3 4 . 1 Max Kills in Single Turn 3 | 1 1 1 1 3 . 1 Gunslinging 1 | . . . . 1 . . Exploded 3 | . . . . 3 . . Melee . | . . . . . . . Uniques/NPCs Destroyed . | . . . . . . . Combat | -11 -10 -10 -9 -8 -7 -6 -------- Run | Yrd Mat Min Mat Mat Fac Fac Hostile Shots Fired 576 | . 12 58 26 109 . 371 Missed 189 | . 6 17 5 28 . 133 Damage Taken 5769 | . 110 784 232 1520 . 3123 Core 1501 | . 12 211 41 377 . 860 Absorbed by Shields . | . . . . . . . Ignored by Resistances 17 | . . . . . . 17 Core Remaining (%) 66 | 100 . 10 89 31 100 . Volleys Fired 187 | 7 28 50 32 65 . 5 Largest 3 | 2 2 2 3 3 . 3 Hottest 182 | 40 40 40 60 182 . 182 Shots Fired 417 | 14 56 100 96 136 . 15 Gun 400 | 14 56 100 96 124 . 10 Cannon 11 | . . . . 6 . 5 Launcher 6 | . . . . 6 . . Special . | . . . . . . . Kinetic 368 | 14 56 100 96 102 . . Thermal 32 | . . . . 22 . 10 Explosive 6 | . . . . 6 . . Electromagnetic 11 | . . . . 6 . 5 Robot Hit Streak 13 | 4 13 8 10 10 . 12 Robot Miss Streak 5 | 2 3 5 4 5 . 2 Penetration Max . | . . . . . . . Secondary Targets 5 | . . 1 2 2 . . Max Gunslinging Chain 1 | . . 1 1 1 . . Shots Hit Robots 265 | 8 40 58 55 92 . 12 Core Hits 130 | 2 11 29 29 56 . 3 Critical Kills . | . . . . . . . Critical Parts Destroyed 3 | . 1 1 . 1 . . Critical Strikes 4 | . 1 1 . 1 . 1 Burn 1 | . . . . . . 1 Destroy 3 | . 1 1 . 1 . . Melee Attacks . | . . . . . . . Impact . | . . . . . . . Slashing . | . . . . . . . Piercing . | . . . . . . . Sneak Attacks . | . . . . . . . Combat Hostiles . | . . . . . . . Follow-up Attacks . | . . . . . . . Damage Inflicted 3933 | 118 524 657 592 1787 . 255 Guns 2860 | 118 521 657 590 863 . 111 Cannons 186 | . . . . 63 . 123 Explosions 854 | . . . . 854 . . Melee . | . . . . . . . Ramming 33 | . 3 . 2 7 . 21 Kinetic 2490 | 118 521 657 590 604 . . Thermal 673 | . . . . 562 . 111 Explosive 551 | . . . . 551 . . Electromagnetic 186 | . . . . 63 . 123 Impact . | . . . . . . . Slashing . | . . . . . . . Piercing . | . . . . . . . Highest Corruption . | . . . . . . . Average Corruption . | . . . . . . . Corruption Purged . | . . . . . . . Corruption Blocked . | . . . . . . . Overload Shots . | . . . . . . . Overflow Damage 133 | . . . . 113 . 20 Projectiles 20 | . . . . . . 20 Explosions 113 | . . . . 113 . . Melee . | . . . . . . . Knockbacks . | . . . . . . . Impact . | . . . . . . . Kinetic . | . . . . . . . Secondary . | . . . . . . . Self-Inflicted Damage 179 | . . . . 179 . . Shots 6 | . . . . 6 . . Rammed 3 | . 1 . . 1 . 1 Targets Rammed 10 | . 1 . 1 2 . 6 Kicked 7 | . . . 1 1 . 5 Crushed . | . . . . . . . Highest Temperature 189 | . 2 20 112 189 . 164 Average Temperature 36 | . 2 12 38 34 . 62 Received Heat Transfer 1340 | . 45 245 102 576 . 372 Siege Activations . | . . . . . . . Robots Corrupted . | . . . . . . . Combat Hostiles . | . . . . . . . Parts Fried . | . . . . . . . Impact Corruptions . | . . . . . . . Robots Melted 1 | . . . . . . 1 Combat Hostiles 1 | . . . . . . 1 Parts Melted 6 | . . . 1 3 . 2 Heat Transferred 1088 | . . . . 755 . 333 Parts Sabotaged . | . . . . . . . Parts Stolen . | . . . . . . . Parts Stripped . | . . . . . . . Power Chain Reactions . | . . . . . . . Alert | -11 -10 -10 -9 -8 -7 -6 ------- Run | Yrd Mat Min Mat Mat Fac Fac Peak Influence 727 | 10 122 50 433 727 298 205 Initial 298 | . 6 . . 182 298 145 Average 173 | 2 56 9 197 502 298 97 Maximum Alert Level 3 | . . . 2 3 1 1 Low Security (%) 72 | 100 100 100 45 13 . 96 Level 1 8 | . . . 46 8 100 3 Level 2 17 | . . . 8 73 . . Level 3 1 | . . . . 5 . . Level 4 . | . . . . . . . Level 5 . | . . . . . . . High Security . | . . . . . . . Max Security . | . . . . . . . Squads Dispatched 10 | . 1 . 3 1 . 5 Investigation 1 | . . . 1 . . . Extermination . | . . . . . . . Reinforcement 8 | . 1 . 2 1 . 4 Assault 1 | . . . . . . 1 Garrison . | . . . . . . . Intercept . | . . . . . . . Searches Triggered . | . . . . . . . Construction Impeded 1 | . . . . . . 1 Haulers Reinforced . | . . . . . . . Active Scanning Responses . | . . . . . . . Cargo Convoy Interrupts . | . . . . . . . Stealth | -11 -10 -10 -9 -8 -7 -6 --------- Run | Yrd Mat Min Mat Mat Fac Fac Distress Signals 9 | . 2 . 3 2 . 2 Communications Jammed . | . . . . . . . Distress Signals . | . . . . . . . Times Spotted 101 | . 8 12 17 35 . 29 Peak Tracking Total 17 | . 4 6 6 7 . 17 Tactical Retreats 9 | . . 1 . 2 . 6 Traps | -11 -10 -10 -9 -8 -7 -6 ------- Run | Yrd Mat Min Mat Mat Fac Fac Traps Triggered 2 | . 1 . . . . 1 Indirectly . | . . . . . . . Trap Hack Attempts . | . . . . . . . Triggered . | . . . . . . . Disarmed . | . . . . . . . Reprogrammed . | . . . . . . . Reused . | . . . . . . . Traps Extracted . | . . . . . . . Installed . | . . . . . . . Triggered . | . . . . . . . Machines | -11 -10 -10 -9 -8 -7 -6 ---------- Run | Yrd Mat Min Mat Mat Fac Fac Machines Disabled 3 | . . . . 3 . . Max in Single Turn 2 | . . . . 2 . . Garrison Access 1 | . . . . . . 1 Machines Repaired . | . . . . . . . Machines Dismantled . | . . . . . . . Machines Sabotaged . | . . . . . . . Overloaded Fab Kills . | . . . . . . . Hacking | -11 -10 -10 -9 -8 -7 -6 --------- Run | Yrd Mat Min Mat Mat Fac Fac Machines Accessed 9 | . 2 . 2 5 . . Terminals 8 | . 2 . 2 4 . . Fabricators . | . . . . . . . Repair Stations . | . . . . . . . Recycling Units . | . . . . . . . Scanalyzers . | . . . . . . . Garrison Access 1 | . . . . 1 . . Total Hacks 19 | . 2 . 6 11 . . Successful 8 | . 2 . 2 4 . . Failed 10 | . . . 4 6 . . Catastrophic 2 | . . . . 2 . . Database Lockouts 1 | . . . . 1 . . Manual 6 | . . . 4 2 . . Terminals 17 | . 2 . 6 9 . . Fabricators . | . . . . . . . Repair Stations . | . . . . . . . Recycling Units . | . . . . . . . Scanalyzers . | . . . . . . . Garrison Access 2 | . . . . 2 . . Terminal Hacks 8 | . 2 . 2 4 . . Record 4 | . . . . 4 . . Unreport Threat 1 | . 1 . . . . . Locate Traps 1 | . 1 . . . . . Recall Investigation 1 | . . . 1 . . . Zone Layout 1 | . . . 1 . . . Fabricator Hacks . | . . . . . . . Repair Station Hacks . | . . . . . . . Recycling Unit Hacks . | . . . . . . . Scanalyzer . | . . . . . . . Garrison Access Hacks . | . . . . . . . Unauthorized Hacks . | . . . . . . . Terminals . | . . . . . . . Fabricators . | . . . . . . . Repair Stations . | . . . . . . . Recycling Units . | . . . . . . . Scanalyzers . | . . . . . . . Garrison Access . | . . . . . . . Data Cores Recovered . | . . . . . . . Used . | . . . . . . . Hacking Detections 7 | . . . 2 5 . . Full Trace Events 1 | . . . 1 . . . Feedback Events . | . . . . . . . Feedback Blocked . | . . . . . . . Robot Schematics Acquired . | . . . . . . . Robots Built . | . . . . . . . Authchips . | . . . . . . . Time . | . . . . . . . Total Robot Build Rating . | . . . . . . . Part Schematics Acquired . | . . . . . . . Parts Built . | . . . . . . . Authchips . | . . . . . . . Time . | . . . . . . . Total Part Build Rating . | . . . . . . . Parts Repaired . | . . . . . . . Time . | . . . . . . . Parts Recycled . | . . . . . . . Recycled Matter . | . . . . . . . Retrieved Matter . | . . . . . . . Retrieved Components . | . . . . . . . Parts Scanalyzed . | . . . . . . . Part Schematics Acquired . | . . . . . . . Parts Damaged . | . . . . . . . Bothacking | -11 -10 -10 -9 -8 -7 -6 ------------ Run | Yrd Mat Min Mat Mat Fac Fac Used RIF Installer . | . . . . . . . Robots Hacked . | . . . . . . . Non-combat . | . . . . . . . Combat . | . . . . . . . Robot Hacks Applied . | . . . . . . . Relay Couplers Released 2 | . . . . . . 2 Machine Destruction 2 | . . . . . . 2 Fabnet Peak Effective % . | . . . . . . . Robots Rewired . | . . . . . . . Allies Hacked . | . . . . . . . Hacks Repelled . | . . . . . . . Allies | -11 -10 -10 -9 -8 -7 -6 -------- Run | Yrd Mat Min Mat Mat Fac Fac Total Allies 2 | . . 2 . . . . Largest Group 2 | . . 2 2 1 . . Highest-Rated Group 45 | . . 45 45 31 . . Highest-Rated Ally 31 | . . 31 31 31 . . Total Orders . | . . . . . . . Ally Attacks 40 | . . . 20 20 . . Total Damage 647 | . . . 376 271 . . Kills 12 | . . . 8 4 . . Allies Corrupted . | . . . . . . . Allies Melted . | . . . . . . . Intel | -11 -10 -10 -9 -8 -7 -6 ------- Run | Yrd Mat Min Mat Mat Fac Fac Robot Analysis Total . | . . . . . . . Derelict Logs Recovered 2 | . . 2 . . . . Drone Launches 20 | . . . . . . 20 Drone Recoveries 9 | . . . . . . 9 Exploration | -11 -10 -10 -9 -8 -7 -6 ------------- Run | Yrd Mat Min Mat Mat Fac Fac Turns Passed 3101 | 114 661 695 264 729 64 574 Spaces Moved 1549 | 54 257 417 135 348 39 299 Core 11 | 4 . 7 . . . . Treads 795 | 50 257 31 . 202 39 216 Legs 743 | . . 379 135 146 . 83 Wheels . | . . . . . . . Hover . | . . . . . . . Flight . | . . . . . . . Fastest Speed 50 | 50 160 120 120 120 163 130 Average Speed 156 | 151 214 129 120 145 163 171 Slowest Speed 400 | 160 240 240 120 170 163 400 Overloaded Moves . | . . . . . . . Propulsion Burnouts . | . . . . . . . Robots Hopped . | . . . . . . . Cave-ins Triggered . | . . . . . . . Exploration Rate (%) 28 | 5 44 66 25 46 1 15 Regions Visited 6 Branch Regions 1 Pre-discovered Areas 1 | . . 1 . . . . Known Exits Taken 4 | . . 1 1 1 1 . Unknown Exits Taken 2 | 1 1 . . . . . Scrap Searched 1 | . . 1 . . . . Spaces Dug . | . . . . . . . Terrain Destroyed 59 | . . . . 59 . . Melee . | . . . . . . . Projectile . | . . . . . . . AOE 59 | . . . . 59 . . Terrain Rammed . | . . . . . . . Walls Destroyed . | . . . . . . . Machines Disabled . | . . . . . . . Actions | -11 -10 -10 -9 -8 -7 -6 --------- Run | Yrd Mat Min Mat Mat Fac Fac Total 1894 | 69 310 480 178 473 40 344 Wait 68 | . 20 . 5 25 . 18 Move 1543 | 53 256 416 134 347 38 299 Hop . | . . . . . . . Pick Up 24 | 2 3 4 3 8 2 2 Fast Attach 25 | 7 . 3 1 7 . 7 Attach 20 | . . 5 1 8 . 6 Detach 1 | . . 1 . . . . Swap 7 | . 1 . . 6 . . Drop 9 | . 1 1 1 5 . 1 Fire 187 | 7 28 50 32 65 . 5 Melee . | . . . . . . . Ram . | . . . . . . . Kick 7 | . . . 1 1 . 5 Crush 3 | . 1 . . 1 . 1 Escape Stasis . | . . . . . . . Rewire . | . . . . . . . Trap . | . . . . . . . Miscellaneous . | . . . . . . . Route ------- -11/Scrapyard -10/Materials (discovered 2 exits: *Mat / [*Min]) -10/Mines -9/Materials -8/Materials -7/Factory -6/Factory History --------- Turn | Location | Event 33 | -11/Scrapyard | Discovered new exit (range 15) 115 | -11/Scrapyard | Entered Materials 282 | -10/Materials | Discovered new exit (range 15) 306 | -10/Materials | Build established: Mutant 400 | -10/Materials | Discovered new exit (range 15) 776 | -10/Materials | Entered Mines 836 | -10/Mines | Met a Derelict bent on vengeance 847 | -10/Mines | Assembled infested the area 911 | -10/Mines | Core integrity fell below 50% 965 | -10/Mines | Core integrity fell below 20% 969 | -10/Mines | Lost 5 parts (2n1u2w) 1171 | -10/Mines | Learned location of Zion (-7) 1269 | -10/Mines | Build established: Scavenger-Mutant 1347 | -10/Mines | Learned Materials garrison access intel 1379 | -10/Mines | Discovered new exit (range 9) 1387 | -10/Mines | Identified exit to Materials 1471 | -10/Mines | Entered Materials 1471 | -9/Materials | Accompanied by 2 allies 1471 | -9/Materials | Evolved 2 slots: Utility x1, Weapon x1 1484 | -9/Materials | Led the pair of lost Derelicts to an unsafe place 1643 | -9/Materials | Discovered new exit (range 14) 1733 | -9/Materials | Identified exit to Materials 1735 | -9/Materials | Entered another Materials area 1735 | -8/Materials | Accompanied by 1 ally 1735 | -8/Materials | Evolved 2 slots: Propulsion x1, Utility x1 1736 | -8/Materials | Loaded intel: 1 garrison access location 1784 | -8/Materials | Build established: Scavenger-Tank 1792 | -8/Materials | Central database locked down 2057 | -8/Materials | Core integrity fell below 50% 2082 | -8/Materials | Lost 12 parts (2p4n2u4w) 2328 | -8/Materials | Build established: Mutant 2459 | -8/Materials | Discovered new exit (range 4) 2462 | -8/Materials | Identified exit to Factory 2464 | -8/Materials | Entered Factory 2464 | -7/Factory | Evolved 2 slots: Power x1, Utility x1 2522 | -7/Factory | Discovered new exit (range 4) 2527 | -7/Factory | Identified exit to Factory 2528 | -7/Factory | Entered another Factory area 2528 | -6/Factory | Evolved 2 slots: Utility x2 2765 | -6/Factory | Lost 9 parts (1p1n3u4w) 2842 | -6/Factory | Core integrity fell below 50% 2890 | -6/Factory | Lost 3 parts (1n2u) 2953 | -6/Factory | Lost 10 allies 3021 | -6/Factory | Lost 5 parts (1n4u) 3084 | -6/Factory | Core integrity fell below 20% 3090 | -6/Factory | Spotted B-75 Beast 3102 | -6/Factory | Destroyed by S-27 Virus with Autogun Last Messages --------------- K-01 Serf collects debris. U-05 Engineer lays Concrete. Lgt. Treads destroyed. Slug penetrates G-50 Soldier. Slug penetrates Wall. Drone Bay destroyed. Penetrated by Slug. Slug penetrates Wall. Drone released from Drone Bay. Drone retrieved by Drone Bay. Triggered Heavy Explosive Trap. An explosion rips through the floor. Drone Bay destroyed. U-05 Engineer lays Concrete. Fabricator disabled. Knocked back. C-30 ARC bursts open, deploying its payload. G-67 Veteran unfolds itself. G-50 Soldier unfolds itself. U-05 Engineer destroyed. Map ----- +----------------------------------------------------+ | ??????????????????????????????????????????????? | | ??????????????????????????????????????????????? | | ??????????????????????????????????????????????? | | ?????????????????????????????????????????????? | | ?????????????????????????????????????????????? | | ?????????????????????????????????????????????? | | ????????????????????????????????????????????????"" | | ????????????????????????????????????????????????"" | | ????????????????????????????????????????????????"" | | ???????????????????????????????????????????????? | | ????????????????????????????????????????????????"" | | ??????????????????????? ???????????????????? "" | | ?????????????????????? !! ??????????????????? "" | | ?????????????????????? !! w?????????????????? | | ????????????????? ???" ?????????????? ??"" | | ???????????????? ???" ????????????? "" | | ??????????? "??? ?"" ?????????? "" | | ??????????? ?? #?????????? | | ?????????? """ """ #?????????? " | | ?????????? """ """ #?????????# " | | ????????? k """ """ #?????????# " | | ????????? #?????????# | | ????????? #?????????# | | ????????# " #???#########+#####+# | | ????????/ u """ #???# | | ????????# @G ###?# | | ????????# """ BB#?# | | ????????# !% " BB#?# | | ????????# %| ;##?# | | ????????# "gg ##??# | | ????????#"% g ####### ##### | | ????????# " ???????#; #????#########+## | | ???????????????????## " #??????????# | | ????????????????????# """ #??????????# | | ????????????????????# "F g #??????????# """ | | ????????????????????# """ #??????????# """ | | ????????????????????# "" #???######## """ | | ????????????????????# ##### ## | | ????????????????????# ## """ | | ????????????????????# """ | | ?????????????????? """ """ | | ????????????????? """ | | ????????????????? """ """ // | | ????????????????? """ / | | ?????????????????? ?? """ """ | | ??????????????????? ?? """ | | ????????????????????????"" | | ???????????????????????? # | | ???????????????????????? ### # | | ??????????????????????? #??#### | +----------------------------------------------------+ Best States ------------- Heat Dissipation 47 Energy Generation 14 Energy Capacity 250 Matter Stores 300 Matter Capacity 300 Sight Range 16 Terrain Scan Density 110 Armor Coverage 225 Resistance: TH 20 Evasion (%) 55 Recoil Reduction 3 Defensive Hacking 10 Item Schematics ----------------- None Robot Schematics ------------------ None Fabricated ------------ Nothing Alien Tech Used ----------------- None Achievements -------------- Release The Drones! Challenges ------------ None Game ------ Seed SmartbombSuperdenseAnalyzer Manual? 0 Play Time 00:36:42 Cumulative 10.2 hours Start 2024.10.01 @ 20:27:06 End 2024.10.01 @ 21:04:08 Sessions 1 Manual Loads 0 Difficulty Rogue Special Mode None Game No. 18 Rogue 18 Adventurer 0 Explorer 0 Win Type - Total 0 Types 0/0/0/0/0/0/0/0/0 Lore% 3 Gallery% 14 Achievement% 15 Wizard Run 0 Options --------- Layout 1 ASCII 0 Keyboard 0 Movement Mouse Keybinds 0 Fullscreen 1 Font 32/SmallcapsGlow Map View 50x35 Zoom Use 0% Tactical HUD 0 Map Filters NONE Filters NONE Steam 1 RUN: dee38996-ada7-498c-9b6d-4ac744a6eabb